General information
- name: BNet
- type: Ladder team game (AT/RT)
- host: Battle.net
- saver: BEAR_AND
map: SunrockCove
- players: 6
- length: 116:00
- speed: Fast
- version: 1.21 W3XP
- replay type:

» download(530 KB)
Players
team 1 (loser)
Dassand (
yellow | 33 APM | 3626 actions | 108:50)
6 Death Knight
3 Death Coil
3 Unholy Aura
6 Lich
3 Frost Nova
2 Frost Armor
1 Death and Decay
» actions
| Basic commands | 20 | |
| Build / train | 94 | |
| Enter build submenu | 22 | |
| Enter hero's abilities submenu | 13 | |
| Give item / drop item | 12 | |
| Right click | 2171 | |
| Select / deselect | 1007 | |
| Use ability | 286 | |
3626 total
» units
| Acolyte | 20 | |
| Ghoul | 5 | |
| Crypt Fiend | 6 | |
| Frost Wyrm | 15 | |
| Goblin Zeppelin | 2 | |
48 total
» upgrades
| Creature Attack | 3 | |
| Creature Carapace | 3 | |
| Web | 1 | |
| Freezing Breath | 1 | |
| Backpack | 1 | |
9 total
» buildings
| Crypt | 1 | |
| Ziggurat | 17 | |
| Altar of Darkness | 1 | |
| Graveyard | 1 | |
| Tomb of Relics | 1 | |
| Nerubian Tower | 1 | |
| Halls of the Dead | 1 | |
| Black Citadel | 1 | |
| Spirit Tower | 7 | |
| Sacrificial Pit | 1 | |
| Boneyard | 2 | |
34 total
» build order
00:09 Crypt
00:12 Ziggurat
00:36 Altar of Darkness
01:02 Graveyard
01:56 Ziggurat
02:00 Tomb of Relics
02:41 Nerubian Tower
04:05 Ziggurat
06:24 Halls of the Dead
07:35 Ziggurat
07:37 Ziggurat
09:09 Black Citadel
09:13 Ziggurat
09:19 Ziggurat
09:26 Spirit Tower
09:30 Spirit Tower
10:22 Sacrificial Pit
11:31 Boneyard
11:52 Boneyard
12:21 Ziggurat
12:23 Ziggurat
12:23 Ziggurat
12:25 Ziggurat
13:20 Ziggurat
13:21 Ziggurat
13:22 Ziggurat
13:22 Ziggurat
16:39 Spirit Tower
17:41 Spirit Tower
18:18 Spirit Tower
19:46 Spirit Tower
21:47 Spirit Tower
31:07 Ziggurat
31:08 Ziggurat
» items
| Dust of Appearance | 1 | |
| Rod of Necromancy | 2 | |
| Potion of Lesser Invulnerability | 1 | |
| Scroll of Protection | 1 | |
| Potion of Healing | 2 | |
| Scroll of Town Portal | 5 | |
| Sacrificial Skull | 1 | |
13 total
militiarusher (
blue | 31 APM | 3576 actions | 115:59)
5 Keeper of the Grove
3 Entangling Roots
2 Thorns Aura
5 Priestess of the Moon
2 Scout
3 Trueshot Aura
1 Shadow Hunter
1 Hex
» actions
| Assign group hotkey | 80 | |
| Basic commands | 5 | |
| Build / train | 111 | |
| ESC pressed | 22 | |
| Enter build submenu | 38 | |
| Enter hero's abilities submenu | 11 | |
| Give item / drop item | 2 | |
| Remove unit from queue | 1 | |
| Right click | 1485 | |
| Select / deselect | 1359 | |
| Select group hotkey | 275 | |
| Use ability | 187 | |
3576 total
» units
| Wisp | 26 | |
| Huntress | 7 | |
| Hippogryph | 11 | |
| Archer | 9 | |
| Chimaera | 17 | |
| Glaive Thrower | 6 | |
| Goblin Zeppelin | 2 | |
78 total
» upgrades
| Strength of the Moon | 3 | |
| Strength of the Wild | 3 | |
| Reinforced Hides | 3 | |
| Improved Bows | 1 | |
| Corrosive Breath | 1 | |
| Marksmanship | 1 | |
| Druid of the Talon Training | 1 | |
| Vorpal Blades | 1 | |
| Nature's Blessing | 1 | |
15 total
» buildings
| Altar of Elders | 1 | |
| Moon Well | 10 | |
| Hunter's Hall | 1 | |
| Ancient of War | 2 | |
| Tree of Ages | 1 | |
| Tree of Life | 5 | |
| Ancient of Wind | 2 | |
| Tree of Eternity | 1 | |
| Chimaera Roost | 2 | |
| Ancient of Wonders | 6 | |
31 total
» build order
00:09 Altar of Elders
00:19 Moon Well
01:31 Hunter's Hall
01:34 Ancient of War
01:48 Moon Well
02:14 Ancient of War
02:28 Moon Well
03:37 Moon Well
04:35 Tree of Ages
05:08 Tree of Life
07:30 Ancient of Wind
08:18 Tree of Eternity
10:11 Moon Well
10:46 Moon Well
11:28 Ancient of Wind
12:18 Chimaera Roost
13:21 Moon Well
13:44 Moon Well
13:58 Moon Well
14:26 Chimaera Roost
20:17 Tree of Life
32:09 Tree of Life
33:15 Tree of Life
60:54 Moon Well
61:43 Ancient of Wonders
61:52 Ancient of Wonders
62:02 Ancient of Wonders
62:17 Ancient of Wonders
63:13 Ancient of Wonders
64:32 Ancient of Wonders
67:59 Tree of Life
» items
| Lesser Clarity Potion | 1 | |
| Scroll of Town Portal | 1 | |
2 total
ne4 (
teal | 44 APM | 5077 actions | 115:59)
5 Tauren Chieftain
2 War Stomp
3 Endurance Aura
3 Shadow Hunter
2 Healing Wave
1 Hex
2 Far Seer
1 Far Sight
1 Chain Lighting
» actions
| Assign group hotkey | 33 | |
| Basic commands | 32 | |
| Build / train | 82 | |
| ESC pressed | 2 | |
| Enter build submenu | 72 | |
| Enter hero's abilities submenu | 10 | |
| Give item / drop item | 17 | |
| Remove unit from queue | 1 | |
| Right click | 2098 | |
| Select / deselect | 845 | |
| Select group hotkey | 1556 | |
| Use ability | 327 | |
5077 total
» units
| Peon | 7 | |
| Grunt | 4 | |
| Troll Witch Doctor | 6 | |
| Troll Batrider | 17 | |
| Troll Headhunter/Berserker | 1 | |
| Wind Rider | 1 | |
| Demolisher | 5 | |
| Goblin Sapper | 1 | |
| Shaman | 3 | |
45 total
» upgrades
| Witch Doctor Training | 2 | |
| Liquid Fire | 1 | |
| Shaman Training | 2 | |
| Armor | 1 | |
| Envenomed Spears | 1 | |
| Ranged Weapons | 1 | |
| Burning Oil | 1 | |
| Reinforced Defenses | 1 | |
| Spiked Barricades | 1 | |
11 total
» buildings
| Altar of Storms | 1 | |
| Orc Burrow | 9 | |
| Barracks | 1 | |
| Voodoo Lounge | 2 | |
| Stronghold | 1 | |
| Fortress | 1 | |
| Spirit Lodge | 1 | |
| War Mill | 2 | |
| Beastiary | 2 | |
| Tauren Totem | 1 | |
| Watch Tower | 49 | |
| Great Hall | 1 | |
71 total
» build order
00:20 Altar of Storms
00:31 Orc Burrow
00:56 Barracks
01:40 Orc Burrow
02:07 Voodoo Lounge
03:22 Stronghold
04:01 Orc Burrow
06:06 Fortress
06:11 Spirit Lodge
06:21 War Mill
07:03 Beastiary
08:39 Tauren Totem
09:34 Beastiary
09:39 Watch Tower
09:40 Watch Tower
10:09 Orc Burrow
12:38 Orc Burrow
13:32 Watch Tower
14:14 Great Hall
16:46 Orc Burrow
34:43 Watch Tower
58:20 War Mill
61:06 Voodoo Lounge
61:21 Orc Burrow
61:37 Orc Burrow
61:53 Watch Tower
62:11 Watch Tower
63:10 Watch Tower
63:35 Orc Burrow
64:52 Watch Tower
71:08 Watch Tower
73:52 Watch Tower
73:57 Watch Tower
73:59 Watch Tower
74:05 Watch Tower
74:12 Watch Tower
74:26 Watch Tower
74:36 Watch Tower
75:07 Watch Tower
75:14 Watch Tower
75:22 Watch Tower
75:34 Watch Tower
75:51 Watch Tower
76:05 Watch Tower
76:21 Watch Tower
76:28 Watch Tower
76:44 Watch Tower
76:52 Watch Tower
77:02 Watch Tower
77:24 Watch Tower
77:37 Watch Tower
77:45 Watch Tower
77:58 Watch Tower
78:22 Watch Tower
78:36 Watch Tower
78:59 Watch Tower
79:25 Watch Tower
82:52 Watch Tower
83:44 Watch Tower
83:59 Watch Tower
84:15 Watch Tower
85:19 Watch Tower
86:01 Watch Tower
86:17 Watch Tower
86:27 Watch Tower
86:41 Watch Tower
86:57 Watch Tower
87:07 Watch Tower
87:49 Watch Tower
88:04 Watch Tower
88:18 Watch Tower
» items
| Healing Salve | 3 | |
| Scroll of Town Portal | 3 | |
| Scroll of Speed | 1 | |
| Staff of Teleportation | 2 | |
| Potion of Lesser Invulnerability | 2 | |
11 total
team 2 (winner)
BEAR_AND (
green | 53 APM | 6182 actions | 116:00)
10 Warden
3 Shadow Strike
3 Blink
3 Fan of Knives
1 Spirit of Vengeance
1 Blademaster
1 Critical Strike
» actions
| Assign group hotkey | 8 | |
| Basic commands | 13 | |
| Build / train | 85 | |
| Enter build submenu | 32 | |
| Enter hero's abilities submenu | 11 | |
| Give item / drop item | 16 | |
| Remove unit from queue | 1 | |
| Right click | 4011 | |
| Select / deselect | 582 | |
| Select group hotkey | 929 | |
| Use ability | 490 | |
6182 total
» units
| Wisp | 35 | |
| Druid of the Talon | 8 | |
| Goblin Zeppelin | 3 | |
| Troll Batrider | 3 | |
49 total
» upgrades
| Nature's Blessing | 1 | |
| Druid of the Talon Training | 2 | |
| Ultravision | 1 | |
| Well Spring | 1 | |
| Strength of the Wild | 3 | |
| Reinforced Hides | 3 | |
| Mark of the Talon | 1 | |
| Corrosive Breath | 1 | |
13 total
» buildings
| Altar of Elders | 2 | |
| Moon Well | 21 | |
| Tree of Ages | 4 | |
| Ancient of Wonders | 1 | |
| Tree of Life | 4 | |
| Tree of Eternity | 1 | |
| Ancient of Wind | 3 | |
| Hunter's Hall | 2 | |
| Chimaera Roost | 1 | |
39 total
» build order
00:06 Altar of Elders
00:14 Moon Well
00:56 Moon Well
03:56 Tree of Ages
03:57 Tree of Ages
03:57 Tree of Ages
03:57 Tree of Ages
04:30 Ancient of Wonders
04:43 Tree of Life
04:46 Tree of Life
08:25 Tree of Eternity
09:02 Ancient of Wind
10:25 Hunter's Hall
10:49 Hunter's Hall
12:56 Moon Well
12:58 Moon Well
16:37 Tree of Life
19:28 Ancient of Wind
19:30 Chimaera Roost
24:29 Ancient of Wind
30:35 Tree of Life
34:18 Altar of Elders
36:27 Moon Well
36:28 Moon Well
36:30 Moon Well
36:32 Moon Well
36:42 Moon Well
36:44 Moon Well
36:45 Moon Well
37:08 Moon Well
37:13 Moon Well
37:14 Moon Well
37:18 Moon Well
37:55 Moon Well
39:21 Moon Well
39:24 Moon Well
39:27 Moon Well
45:47 Moon Well
45:48 Moon Well
» items
| Boots of Speed | 1 | |
| Staff of Teleportation | 1 | |
| Orb of Venom | 1 | |
3 total
Mata. (
pink | 61 APM | 7096 actions | 115:59)
10 Archmage
3 Summon Water Elemental
3 Brilliance Aura
2 Mass Teleport
2 Blizzard
» actions
| Assign group hotkey | 661 | |
| Basic commands | 23 | |
| Build / train | 499 | |
| Enter build submenu | 243 | |
| Enter hero's abilities submenu | 10 | |
| Give item / drop item | 4 | |
| Remove unit from queue | 9 | |
| Right click | 2710 | |
| Select / deselect | 1652 | |
| Select group hotkey | 390 | |
| Use ability | 889 | |
7096 total
» units
| Peasant | 45 | |
| Goblin Sapper | 2 | |
| Goblin Zeppelin | 3 | |
| Dragonhawk Rider | 11 | |
| Troll Batrider | 3 | |
64 total
» upgrades
| Masonry | 3 | |
| Lumber Harvesting | 2 | |
| Magic Sentry | 1 | |
| Armor | 3 | |
| Animal War Training | 1 | |
| Cloud | 1 | |
11 total
» buildings
| Altar of Kings | 4 | |
| Lumber Mill | 2 | |
| Farm | 11 | |
| Scout Tower | 348 | |
| Guard Tower | 368 | |
| Town Hall | 2 | |
| Keep | 3 | |
| Castle | 3 | |
| Arcane Sanctum | 1 | |
| Gryphon Aviary | 2 | |
| Arcane Vault | 1 | |
| Arcane Tower | 6 | |
| Beastiary | 1 | |
| Blacksmith | 1 | |
| Barracks | 1 | |
754 total
» build order
00:04 Altar of Kings
00:19 Lumber Mill
00:33 Farm
01:00 Scout Tower
01:14 Farm
01:19 Scout Tower
01:49 Guard Tower
01:49 Guard Tower
01:51 Scout Tower
01:52 Scout Tower
01:54 Scout Tower
01:58 Guard Tower
01:58 Guard Tower
02:01 Scout Tower
02:30 Guard Tower
02:31 Scout Tower
02:41 Guard Tower
02:42 Guard Tower
02:46 Guard Tower
02:46 Guard Tower
03:07 Guard Tower
03:07 Guard Tower
03:08 Scout Tower
03:09 Scout Tower
03:15 Town Hall
03:40 Guard Tower
03:41 Guard Tower
03:44 Scout Tower
03:45 Scout Tower
03:49 Scout Tower
03:51 Scout Tower
04:02 Guard Tower
04:02 Guard Tower
04:06 Scout Tower
04:08 Scout Tower
04:22 Guard Tower
04:23 Guard Tower
04:23 Guard Tower
04:24 Guard Tower
04:25 Guard Tower
04:34 Guard Tower
04:34 Guard Tower
04:35 Scout Tower
04:37 Scout Tower
04:44 Guard Tower
04:44 Guard Tower
04:45 Guard Tower
04:46 Scout Tower
04:46 Scout Tower
04:54 Guard Tower
04:55 Guard Tower
05:20 Guard Tower
05:20 Guard Tower
05:33 Guard Tower
05:33 Guard Tower
05:52 Guard Tower
05:52 Scout Tower
05:53 Scout Tower
05:54 Scout Tower
06:28 Scout Tower
06:29 Scout Tower
06:30 Scout Tower
06:44 Farm
06:49 Keep
06:51 Guard Tower
06:52 Guard Tower
06:52 Guard Tower
07:34 Scout Tower
07:34 Scout Tower
07:35 Scout Tower
07:36 Guard Tower
08:14 Guard Tower
08:14 Guard Tower
08:14 Guard Tower
08:15 Guard Tower
08:42 Guard Tower
08:47 Scout Tower
08:48 Scout Tower
09:07 Guard Tower
09:07 Guard Tower
09:08 Scout Tower
09:09 Scout Tower
09:09 Scout Tower
09:10 Scout Tower
09:10 Scout Tower
09:11 Scout Tower
09:18 Guard Tower
09:19 Guard Tower
09:24 Guard Tower
09:24 Guard Tower
09:26 Scout Tower
09:28 Scout Tower
09:29 Scout Tower
09:30 Scout Tower
09:34 Scout Tower
09:34 Scout Tower
09:35 Scout Tower
09:35 Scout Tower
09:36 Scout Tower
09:37 Scout Tower
09:39 Scout Tower
09:39 Scout Tower
09:40 Scout Tower
09:48 Scout Tower
09:49 Scout Tower
09:50 Scout Tower
09:50 Scout Tower
09:52 Guard Tower
09:53 Guard Tower
10:00 Scout Tower
10:02 Scout Tower
10:05 Scout Tower
10:06 Scout Tower
10:07 Scout Tower
10:10 Guard Tower
10:10 Guard Tower
10:12 Scout Tower
10:13 Scout Tower
10:13 Scout Tower
10:16 Guard Tower
10:17 Guard Tower
10:17 Guard Tower
10:19 Guard Tower
10:19 Guard Tower
10:20 Guard Tower
10:20 Guard Tower
10:20 Guard Tower
10:33 Guard Tower
10:33 Guard Tower
10:34 Scout Tower
10:35 Scout Tower
10:37 Guard Tower
10:39 Guard Tower
10:39 Guard Tower
10:40 Guard Tower
10:40 Guard Tower
10:40 Guard Tower
10:42 Scout Tower
10:42 Scout Tower
10:43 Scout Tower
10:48 Guard Tower
10:48 Guard Tower
10:55 Scout Tower
10:56 Scout Tower
10:57 Guard Tower
10:58 Guard Tower
10:59 Scout Tower
11:01 Scout Tower
11:07 Scout Tower
11:08 Scout Tower
11:08 Scout Tower
11:11 Guard Tower
11:12 Guard Tower
11:13 Scout Tower
11:14 Scout Tower
11:15 Scout Tower
11:23 Guard Tower
11:23 Guard Tower
11:25 Scout Tower
11:26 Scout Tower
11:27 Scout Tower
12:01 Guard Tower
12:01 Guard Tower
12:02 Scout Tower
12:03 Scout Tower
12:04 Scout Tower
12:06 Guard Tower
12:33 Farm
12:38 Guard Tower
12:39 Scout Tower
12:40 Scout Tower
12:41 Scout Tower
12:43 Guard Tower
12:43 Guard Tower
12:44 Scout Tower
12:46 Scout Tower
12:49 Scout Tower
12:49 Scout Tower
12:50 Scout Tower
12:53 Guard Tower
12:54 Guard Tower
12:56 Scout Tower
13:01 Guard Tower
13:01 Guard Tower
13:10 Guard Tower
13:10 Guard Tower
13:34 Guard Tower
13:36 Town Hall
13:40 Guard Tower
13:40 Guard Tower
13:47 Guard Tower
13:47 Guard Tower
13:50 Guard Tower
13:50 Guard Tower
13:51 Scout Tower
13:51 Scout Tower
13:52 Scout Tower
14:00 Guard Tower
14:09 Guard Tower
14:14 Scout Tower
14:16 Scout Tower
14:18 Scout Tower
14:20 Guard Tower
14:22 Guard Tower
14:23 Scout Tower
14:28 Scout Tower
14:29 Scout Tower
14:56 Guard Tower
14:57 Scout Tower
14:59 Scout Tower
15:10 Scout Tower
15:11 Scout Tower
15:14 Castle
15:14 Castle
15:16 Scout Tower
15:16 Scout Tower
15:17 Scout Tower
15:18 Scout Tower
15:54 Guard Tower
15:55 Guard Tower
15:57 Guard Tower
15:58 Scout Tower
15:59 Scout Tower
15:59 Scout Tower
16:01 Guard Tower
16:06 Guard Tower
16:07 Guard Tower
16:22 Guard Tower
16:30 Guard Tower
16:30 Guard Tower
16:37 Scout Tower
16:40 Scout Tower
16:48 Scout Tower
16:50 Scout Tower
16:51 Guard Tower
16:51 Guard Tower
17:05 Scout Tower
17:06 Scout Tower
17:06 Scout Tower
17:15 Guard Tower
17:22 Guard Tower
17:22 Guard Tower
17:24 Scout Tower
17:24 Scout Tower
17:27 Guard Tower
17:28 Guard Tower
17:46 Scout Tower
17:46 Guard Tower
17:47 Guard Tower
17:52 Guard Tower
18:09 Guard Tower
18:10 Guard Tower
18:14 Arcane Sanctum
18:16 Guard Tower
18:16 Guard Tower
18:16 Guard Tower
18:19 Scout Tower
18:20 Scout Tower
18:22 Scout Tower
18:22 Scout Tower
18:35 Scout Tower
18:36 Scout Tower
18:37 Scout Tower
18:37 Scout Tower
18:42 Guard Tower
18:42 Guard Tower
18:46 Scout Tower
18:47 Scout Tower
18:48 Scout Tower
18:48 Scout Tower
19:14 Guard Tower
19:15 Scout Tower
19:16 Scout Tower
19:17 Scout Tower
19:26 Guard Tower
19:26 Guard Tower
19:27 Guard Tower
19:33 Scout Tower
19:34 Scout Tower
19:35 Scout Tower
19:36 Scout Tower
19:39 Guard Tower
19:39 Guard Tower
19:40 Guard Tower
19:40 Guard Tower
19:40 Guard Tower
19:41 Guard Tower
19:41 Guard Tower
19:46 Scout Tower
19:46 Scout Tower
19:47 Scout Tower
19:48 Scout Tower
19:57 Guard Tower
19:57 Guard Tower
19:59 Scout Tower
19:59 Scout Tower
20:01 Scout Tower
20:02 Scout Tower
20:47 Guard Tower
20:47 Guard Tower
20:49 Scout Tower
20:50 Scout Tower
20:51 Scout Tower
20:51 Scout Tower
20:54 Guard Tower
20:54 Guard Tower
20:55 Scout Tower
20:55 Scout Tower
20:56 Scout Tower
20:56 Scout Tower
21:34 Guard Tower
21:35 Guard Tower
22:02 Guard Tower
22:02 Guard Tower
22:04 Scout Tower
22:04 Scout Tower
22:05 Scout Tower
22:06 Scout Tower
22:06 Scout Tower
22:07 Scout Tower
22:07 Scout Tower
22:08 Scout Tower
22:09 Scout Tower
22:10 Scout Tower
22:15 Guard Tower
22:16 Scout Tower
22:17 Scout Tower
22:18 Scout Tower
22:18 Scout Tower
22:21 Scout Tower
22:21 Scout Tower
22:22 Scout Tower
22:23 Scout Tower
23:07 Scout Tower
23:08 Scout Tower
23:12 Scout Tower
23:12 Scout Tower
23:13 Scout Tower
23:14 Scout Tower
23:15 Scout Tower
23:20 Scout Tower
23:21 Scout Tower
23:21 Scout Tower
23:23 Scout Tower
23:23 Scout Tower
23:24 Scout Tower
23:25 Scout Tower
23:25 Scout Tower
23:26 Scout Tower
23:32 Guard Tower
23:33 Guard Tower
23:41 Guard Tower
23:41 Guard Tower
23:57 Guard Tower
23:58 Guard Tower
24:00 Scout Tower
24:01 Scout Tower
24:02 Scout Tower
24:02 Scout Tower
24:04 Scout Tower
24:04 Scout Tower
24:13 Guard Tower
24:13 Guard Tower
24:13 Guard Tower
24:14 Guard Tower
24:18 Scout Tower
24:18 Scout Tower
24:19 Scout Tower
24:19 Scout Tower
24:20 Scout Tower
24:21 Scout Tower
24:22 Scout Tower
24:27 Scout Tower
24:28 Scout Tower
24:31 Scout Tower
24:31 Scout Tower
24:32 Scout Tower
24:33 Scout Tower
24:34 Scout Tower
24:34 Scout Tower
24:50 Guard Tower
24:50 Guard Tower
24:50 Guard Tower
24:52 Scout Tower
24:53 Scout Tower
24:54 Scout Tower
24:54 Scout Tower
24:55 Scout Tower
24:57 Scout Tower
25:03 Guard Tower
25:03 Guard Tower
25:05 Guard Tower
25:05 Guard Tower
25:09 Scout Tower
25:10 Scout Tower
25:11 Scout Tower
25:11 Scout Tower
25:43 Guard Tower
25:43 Guard Tower
25:53 Guard Tower
26:45 Guard Tower
26:45 Guard Tower
27:13 Guard Tower
27:13 Guard Tower
27:17 Guard Tower
27:43 Scout Tower
27:44 Scout Tower
27:44 Scout Tower
27:45 Scout Tower
27:46 Scout Tower
27:47 Scout Tower
27:48 Scout Tower
28:11 Guard Tower
28:13 Guard Tower
28:19 Scout Tower
28:20 Scout Tower
28:21 Scout Tower
28:22 Scout Tower
28:22 Scout Tower
28:25 Scout Tower
28:27 Guard Tower
28:27 Guard Tower
28:27 Guard Tower
28:36 Scout Tower
28:36 Scout Tower
28:37 Scout Tower
28:38 Scout Tower
28:40 Scout Tower
28:40 Scout Tower
28:45 Guard Tower
28:51 Guard Tower
28:51 Guard Tower
29:00 Guard Tower
29:00 Guard Tower
29:00 Guard Tower
29:01 Guard Tower
29:02 Guard Tower
29:03 Guard Tower
29:18 Scout Tower
29:19 Scout Tower
29:20 Scout Tower
29:22 Scout Tower
29:22 Scout Tower
29:23 Scout Tower
29:23 Scout Tower
29:28 Gryphon Aviary
29:30 Gryphon Aviary
29:36 Guard Tower
29:43 Scout Tower
29:44 Scout Tower
29:45 Scout Tower
29:46 Scout Tower
29:47 Scout Tower
29:48 Scout Tower
29:50 Guard Tower
29:51 Guard Tower
29:53 Guard Tower
29:53 Guard Tower
30:06 Arcane Vault
30:21 Guard Tower
30:22 Guard Tower
30:22 Guard Tower
30:24 Guard Tower
30:24 Guard Tower
30:32 Guard Tower
30:32 Guard Tower
30:42 Scout Tower
30:42 Scout Tower
30:44 Scout Tower
30:44 Scout Tower
30:45 Scout Tower
30:46 Scout Tower
30:59 Farm
31:01 Farm
31:41 Lumber Mill
31:50 Scout Tower
31:51 Scout Tower
31:52 Scout Tower
31:52 Scout Tower
32:04 Arcane Tower
32:04 Arcane Tower
32:43 Guard Tower
32:43 Guard Tower
32:44 Guard Tower
32:47 Arcane Tower
32:48 Arcane Tower
32:48 Arcane Tower
32:51 Guard Tower
32:51 Guard Tower
32:54 Scout Tower
32:54 Scout Tower
32:55 Scout Tower
32:56 Scout Tower
33:00 Scout Tower
33:01 Scout Tower
33:01 Scout Tower
33:13 Farm
33:13 Farm
33:14 Farm
33:15 Farm
33:27 Guard Tower
33:27 Guard Tower
33:28 Guard Tower
34:02 Scout Tower
34:02 Scout Tower
34:05 Scout Tower
34:06 Scout Tower
34:24 Scout Tower
34:25 Scout Tower
34:25 Scout Tower
35:02 Guard Tower
35:05 Guard Tower
35:05 Guard Tower
35:23 Scout Tower
35:24 Scout Tower
35:25 Scout Tower
35:27 Scout Tower
35:28 Scout Tower
35:29 Scout Tower
35:39 Guard Tower
35:40 Guard Tower
35:42 Scout Tower
35:43 Scout Tower
35:45 Scout Tower
35:46 Scout Tower
35:47 Scout Tower
36:03 Altar of Kings
36:14 Guard Tower
36:15 Guard Tower
36:20 Guard Tower
36:20 Guard Tower
36:27 Guard Tower
36:28 Guard Tower
36:32 Guard Tower
36:32 Guard Tower
36:34 Scout Tower
36:35 Scout Tower
36:35 Scout Tower
36:45 Scout Tower
36:45 Scout Tower
37:09 Beastiary
37:10 Scout Tower
37:11 Scout Tower
37:12 Scout Tower
37:16 Guard Tower
37:16 Guard Tower
37:47 Guard Tower
38:10 Scout Tower
38:12 Scout Tower
38:13 Scout Tower
38:13 Scout Tower
38:21 Guard Tower
38:21 Guard Tower
38:39 Guard Tower
38:39 Guard Tower
38:54 Scout Tower
38:57 Scout Tower
39:10 Guard Tower
39:11 Guard Tower
39:20 Scout Tower
39:22 Scout Tower
39:23 Scout Tower
39:52 Guard Tower
39:52 Guard Tower
40:10 Guard Tower
40:10 Guard Tower
40:10 Guard Tower
40:11 Guard Tower
40:22 Guard Tower
40:22 Guard Tower
40:23 Scout Tower
40:24 Scout Tower
40:25 Scout Tower
40:37 Scout Tower
40:38 Scout Tower
40:38 Scout Tower
40:40 Scout Tower
40:41 Scout Tower
40:41 Scout Tower
41:58 Guard Tower
41:58 Guard Tower
42:43 Scout Tower
42:44 Scout Tower
42:45 Scout Tower
42:47 Scout Tower
42:48 Scout Tower
42:49 Scout Tower
42:52 Scout Tower
42:58 Scout Tower
42:59 Scout Tower
43:00 Scout Tower
43:01 Scout Tower
43:03 Guard Tower
43:03 Guard Tower
43:04 Guard Tower
43:04 Guard Tower
43:18 Scout Tower
43:19 Scout Tower
43:20 Scout Tower
43:21 Scout Tower
43:53 Keep
43:59 Guard Tower
44:07 Blacksmith
44:44 Guard Tower
44:44 Guard Tower
45:33 Guard Tower
45:33 Guard Tower
46:16 Castle
46:45 Guard Tower
48:20 Farm
49:03 Barracks
49:15 Scout Tower
49:16 Scout Tower
49:27 Scout Tower
49:34 Scout Tower
50:30 Scout Tower
50:59 Guard Tower
51:00 Guard Tower
51:31 Guard Tower
51:31 Guard Tower
53:03 Scout Tower
53:04 Scout Tower
53:07 Scout Tower
57:30 Guard Tower
99:40 Scout Tower
99:40 Scout Tower
99:42 Scout Tower
100:08 Arcane Tower
100:09 Guard Tower
100:11 Scout Tower
100:11 Scout Tower
100:12 Guard Tower
100:12 Guard Tower
100:36 Scout Tower
100:37 Scout Tower
100:39 Scout Tower
100:40 Guard Tower
100:40 Guard Tower
100:40 Guard Tower
101:25 Guard Tower
103:42 Scout Tower
103:43 Scout Tower
103:44 Scout Tower
104:10 Guard Tower
104:13 Altar of Kings
104:14 Guard Tower
104:15 Guard Tower
105:44 Altar of Kings
» items
| Staff of Teleportation | 1 | |
| Tome of Retraining | 1 | |
2 total
TOWERYOURFACE (
orange | 45 APM | 1660 actions | 36:45)
6 Blademaster
3 Wind Walk
2 Critical Strike
1 Bladestorm
» actions
| Assign group hotkey | 17 | |
| Basic commands | 26 | |
| Build / train | 70 | |
| ESC pressed | 1 | |
| Enter build submenu | 42 | |
| Enter hero's abilities submenu | 6 | |
| Give item / drop item | 13 | |
| Right click | 592 | |
| Select / deselect | 318 | |
| Select group hotkey | 412 | |
| Use ability | 163 | |
1660 total
» units
| Peon | 15 | |
| Troll Batrider | 19 | |
| Goblin Zeppelin | 1 | |
35 total
» upgrades
| Spiked Barricades | 1 | |
| Ranged Weapons | 2 | |
| Reinforced Defenses | 1 | |
| Liquid Fire | 1 | |
5 total
» buildings
| Altar of Storms | 2 | |
| Orc Burrow | 7 | |
| War Mill | 1 | |
| Watch Tower | 32 | |
| Voodoo Lounge | 3 | |
| Stronghold | 2 | |
| Beastiary | 4 | |
| Fortress | 1 | |
| Great Hall | 2 | |
54 total
» build order
00:21 Altar of Storms
00:28 Orc Burrow
00:37 War Mill
01:56 Watch Tower
02:15 Watch Tower
02:32 Watch Tower
03:24 Orc Burrow
03:39 Voodoo Lounge
03:43 Watch Tower
03:46 Watch Tower
04:26 Stronghold
06:13 Watch Tower
06:26 Watch Tower
06:48 Beastiary
07:13 Fortress
07:18 Beastiary
07:28 Orc Burrow
07:56 Watch Tower
08:01 Watch Tower
08:04 Watch Tower
09:33 Great Hall
09:40 Watch Tower
09:41 Watch Tower
09:43 Watch Tower
09:44 Watch Tower
11:24 Watch Tower
11:31 Watch Tower
11:36 Watch Tower
11:39 Watch Tower
13:01 Watch Tower
13:03 Watch Tower
13:05 Watch Tower
13:11 Watch Tower
13:12 Watch Tower
13:13 Watch Tower
13:14 Watch Tower
13:49 Watch Tower
13:49 Watch Tower
13:57 Watch Tower
14:02 Watch Tower
14:11 Voodoo Lounge
16:55 Watch Tower
17:07 Watch Tower
17:08 Watch Tower
24:08 Great Hall
28:01 Stronghold
30:52 Altar of Storms
31:58 Orc Burrow
33:14 Voodoo Lounge
33:17 Orc Burrow
35:19 Beastiary
35:26 Beastiary
36:41 Orc Burrow
36:43 Orc Burrow
» items
| Healing Salve | 10 | |
| Lesser Clarity Potion | 7 | |
| Staff of Teleportation | 1 | |
| Boots of Speed | 1 | |
| Orb of Lightning | 1 | |
20 total
Chat log
(00:04 / Allies) Mata.: ok
(00:12 / Allies) Mata.: i'm going to take all of them
(00:18 / All) Dassand: plz tower my face
(00:22 / All) TOWERYOURFACE: rgr
(00:40 / Allies) Mata.: its fun when they invade islands
(00:42 / Allies) Mata.: and there's a big fight
(00:49 / Allies) Mata.: but most teams suck too bad that they never land
(00:55 / Allies) Mata.: ok i'll send
(01:31 / Allies) Mata.: need lum now bro
(01:43 / Allies) Mata.: if you want i can build towers in your base ojay cause orc towers are shit
(02:15 / Allies) Mata.: cant have record
(02:17 / Allies) Mata.: better than 60%
(02:24 / Allies) Mata.: qualifies
(02:45 / Allies) Mata.: spikes
(03:03 / Allies) Mata.: if they're bad we need to give them expansions and shit
(03:13 / Allies) Mata.: lum
(03:28 / Allies) Mata.: nah just get them to stay until we get islands
(03:31 / Allies) Mata.: cause thats when it gets fun
(03:34 / All) ne4: scream bitch
(04:12 / Allies) Mata.: expand bear
(05:11 / All) Dassand: i c u
(05:14 / Allies) Mata.: are they that bad?
(05:17 / Allies) Mata.: i mean
(05:27 / Allies) Mata.: well whatever
(05:29 / Allies) Mata.: do what you want
(06:41 / Allies) Mata.: noobs
(07:00 / Allies) Mata.: sending tower team to islands
(07:18 / Allies) Mata.: dang
(07:19 / Allies) Mata.: almost out of range
(10:24 / Allies) Mata.: lum
(11:17 / Allies) Mata.: more lum :T
(11:24 / Allies) BEAR_AND: i got 30food wisp.
(11:30 / Allies) Mata.: go for 50
(11:33 / Allies) BEAR_AND: serious/
(11:40 / Allies) Mata.: well what else you getting
(11:52 / Allies) Mata.: ok well we/
(12:30 / Allies) Mata.: keep giving me lum tho
(14:04 / Allies) Mata.: you should share
(14:51 / Allies) Mata.: id show up but i am prepping mountanis
(15:52 / Allies) Mata.: someone take
(18:07 / All) Dassand: pce?
(18:15 / All) TOWERYOURFACE: ?
(18:32 / Allies) Mata.: thisisland is yours
(18:40 / Allies) Mata.: zep
(19:09 / Allies) Mata.: ugh let em take my expo
(19:10 / Allies) Mata.: they need it
(19:51 / Allies) Mata.: they scouted
(20:31 / All) Dassand: jackpot
(21:14 / Allies) Mata.: this sux they found all islands
(21:21 / Allies) Mata.: dk owned
(21:23 / Allies) Mata.: noob
(21:29 / Allies) Mata.: haha
(22:12 / Allies) Mata.: hilarious accent
(22:15 / Allies) BEAR_AND: i agree
(22:36 / Allies) Mata.: almost dead warden
(23:52 / All) Dassand: wasted bats
(23:54 / All) Dassand: nice
(24:05 / Allies) Mata.: haha
(25:14 / Allies) Mata.: did he
(25:15 / Allies) Mata.: say
(25:17 / All) Dassand: mas xp
(25:17 / Allies) Mata.: look at my colon?
(25:21 / Allies) BEAR_AND: or cum
(25:21 / Allies) TOWERYOURFACE: i thought
(25:23 / Allies) TOWERYOURFACE: he said
(25:23 / Allies) TOWERYOURFACE: cum
(25:37 / All) militiarusher: yea right
(26:31 / Allies) Mata.: owned by amulet of spell shield
(26:33 / Allies) Mata.: perfect play
(28:04 / Allies) Mata.: yo this isfun
(28:08 / Allies) Mata.: they're actually contesting the islands
(28:17 / Allies) Mata.: oh shit is it friday tomorrow
(28:23 / Allies) Mata.: what
(28:29 / Allies) BEAR_AND: reveals
(28:30 / Allies) BEAR_AND: arcanse
(28:34 / Allies) Mata.: i'll build
(28:36 / Allies) BEAR_AND: i want to take some ground expo if possible
(28:39 / Allies) BEAR_AND: nothing else to do really
(28:48 / Allies) Mata.: you can harass
(28:54 / Allies) BEAR_AND: loving the am
(28:59 / Allies) BEAR_AND: can i have a caddy :#
(29:33 / Allies) Mata.: i need lum OK
(31:25 / Allies) Mata.: yo canadian gimme lum
(31:34 / Allies) Mata.: i've met like 1 canadian in my life
(32:14 / Allies) Mata.: "lets keep it that way"
(33:44 / Allies) Mata.: warden can have spell blocker if you awnt
(33:48 / Allies) BEAR_AND: im good
(34:05 / Allies) BEAR_AND: tehe
(34:05 / All) Dassand: f'd in the A
(34:11 / All) BEAR_AND: huh
(34:30 / Allies) Mata.: this is gonna be sweet
(34:35 / Allies) BEAR_AND: i have 20k gold
(34:38 / Allies) Mata.: they gonna hella invade
(34:42 / Allies) Mata.: i could use some
(35:23 / All) Dassand: you know we get xp off towers right?
(35:34 / All) Mata.: what
(35:35 / All) Mata.: oh fuck
(35:36 / All) Mata.: gg
(35:41 / All) BEAR_AND: damn; shit
(36:04 / Allies) Mata.: that's me
(36:14 / Allies) BEAR_AND: upg./
(36:45 / All) ne4: it won't be wasted
(38:45 / Allies) Mata.: dang
(39:58 / Allies) Mata.: i hope they land with like 500 food ground
(40:04 / Allies) Mata.: and there's a 10 minute war on the islands
(40:07 / Allies) Mata.: thats th emost fun on this map
(40:13 / Allies) BEAR_AND: you going to keep towering>
(41:24 / All) BEAR_AND: bwahahahhahah
(41:27 / All) BEAR_AND: noobey
(41:32 / Allies) BEAR_AND: what zep died
(42:01 / Allies) Mata.: wtf
(42:10 / All) Mata.: that is funny to me
(42:11 / Allies) BEAR_AND: hahahah that's the zep that died
(42:18 / Allies) BEAR_AND: i just heard eerrhhhhhhh
(42:20 / All) militiarusher: i got all fucking night bitch
(42:24 / All) BEAR_AND: lmao bwahaha
(42:26 / All) Mata.: you gonna need it
(42:44 / All) BEAR_AND: tinyurl.com/2yaxtr
(42:50 / All) BEAR_AND: join the hall of shame
(42:54 / Allies) Mata.: what is that
(43:02 / Allies) BEAR_AND: my game listings on bnet sorted by length
(43:07 / Allies) Mata.: haha
(43:12 / Allies) Mata.: kept in permanent tinyurl
(43:35 / Allies) Mata.: almost got tangod
(43:38 / Allies) BEAR_AND: tango
(43:41 / Allies) BEAR_AND: harango
(43:47 / Allies) Mata.: dizzango
(44:38 / Allies) Mata.: lure again
(45:48 / Allies) Mata.: we need to name these islands
(45:52 / Allies) Mata.: for future reference
(45:54 / Allies) BEAR_AND: hmmm
(45:58 / Allies) Mata.: bottom right, top, etc
(46:00 / Allies) Mata.: not cutting it
(46:06 / Allies) BEAR_AND: continents,
(46:09 / Allies) BEAR_AND: obscure islands,
(46:14 / Allies) BEAR_AND: fictional names
(46:21 / Allies) BEAR_AND: names mnamed after famous enemies/cockaa victims
(46:30 / Allies) Mata.: what's that guy's name
(46:33 / Allies) Mata.: whos' like time for a joke..
(46:36 / Allies) Mata.: fukin bytch
(46:39 / Allies) BEAR_AND: s0yb0mb
(46:43 / Allies) Mata.: St Soybomb
(47:10 / Allies) BEAR_AND: hwo was in that record game
(47:12 / Allies) BEAR_AND: highperch
(47:17 / Allies) BEAR_AND: it was lemonade, diefatty, and some other guy
(47:23 / Allies) BEAR_AND: not very good names
(47:54 / Allies) Mata.: yo make acompilation
(47:59 / Allies) Mata.: of every tiem an enemy has said
(48:01 / Allies) Mata.: "how u get upt here
(48:03 / Allies) BEAR_AND: haha
(48:04 / Allies) Mata.: it will be biggest image in world
(48:07 / Allies) BEAR_AND: or "i got all night"
(48:11 / Allies) BEAR_AND: and variations
(48:14 / Allies) Mata.: "you can't win like this"
(48:34 / Allies) Mata.: good thing i got mass
(48:52 / All) Mata.: other island is probably easier to take sorry
(49:11 / All) Mata.: time to stop fuckign around and invade
(49:13 / All) Mata.: make landfall as it were
(49:50 / All) BEAR_AND: not even 1 tower?
(51:03 / All) BEAR_AND: uh oh
(51:04 / All) Mata.: lol
(51:12 / All) Mata.: bring a real army next time
(51:13 / All) Dassand: lame
(51:15 / All) BEAR_AND: bwahahahahaha
(51:25 / All) BEAR_AND: ur lich is lame after Jumping from a zepelin
(51:29 / All) BEAR_AND: broke both legs hahahahahhahaha blam
(51:50 / Allies) Mata.: gimmeh gold
(52:50 / All) Mata.: GLORY to the bloodelfs *roar*
(53:04 / All) BEAR_AND: the skies await *crackle*
(53:12 / All) Mata.: where must we fly
(53:22 / All) BEAR_AND: STRIKE!!!!!!!!
(54:55 / All) Dassand: keep it up
(55:00 / All) BEAR_AND: ok
(55:01 / All) Mata.: we havemore gold than u sorry
(55:08 / All) BEAR_AND: i have 39000
(55:21 / All) Mata.: turns out there was a lot of gold in these mines up here heh
(55:26 / All) ne4: you know i'll be able to see the lie on the replay
(55:35 / All) BEAR_AND: u gonna stop and save replay when you lose?
(55:44 / All) BEAR_AND: i think your tears and sorrow will prevent that
(56:06 / All) Dassand: too bad you can't win real games
(56:10 / All) BEAR_AND: ????? what is this
(56:18 / All) Dassand: fake game
(56:26 / All) BEAR_AND: it gonna be on full game listing,......
(56:58 / Allies) Mata.: are thjey spending gold on that reveal
(57:02 / Allies) BEAR_AND: that was them?
(57:05 / Allies) BEAR_AND: thought you were spotting me
(57:06 / Allies) Mata.: yea
(57:09 / Allies) BEAR_AND: they have fs
(57:17 / Allies) Mata.: i thought farsight looked different
(57:19 / Allies) Mata.: but probably doesnt
(57:21 / Allies) BEAR_AND: don't think so
(57:37 / All) BEAR_AND: well ty for free win
(57:43 / All) Dassand: free?
(57:45 / All) BEAR_AND: u may leave now
(57:53 / All) Mata.: U = EZ-OWN
(57:59 / All) BEAR_AND: i got my paper written
(58:02 / All) BEAR_AND: in the last hour
(58:04 / All) Dassand: 45 minute game not E-Z own
(58:06 / All) BEAR_AND: :B
(58:13 / All) BEAR_AND: my apm is probably like 40
(58:20 / All) BEAR_AND: 1 / 10th of its potential
(61:38 / All) BEAR_AND: *ding*
(61:46 / Allies) Mata.: i'm gonna give em an inch
(61:49 / Allies) Mata.: if they attack again
(61:50 / Allies) Mata.: so they can lanmd
(61:55 / Allies) BEAR_AND: haha
(61:57 / Allies) Mata.: maybe evne let them have an island
(62:03 / Allies) BEAR_AND: why not
(63:28 / All) BEAR_AND: frost armor.....why...
(63:45 / All) BEAR_AND: give up?????
(63:57 / All) militiarusher: just getting started
(64:06 / All) BEAR_AND: enjoy
(64:26 / Allies) BEAR_AND: they gonna try bottom there
(65:08 / Allies) BEAR_AND: making hippo
(65:12 / Allies) Mata.: swet
(65:14 / Allies) Mata.: well
(65:16 / Allies) Mata.: not erally sweet
(65:21 / Allies) BEAR_AND: exciting at least
(65:23 / Allies) Mata.: i want them to get lustauren with ehaling ward and mountain giants
(65:26 / Allies) BEAR_AND: i kill some bats
(65:38 / Allies) Mata.: we can crank bats with oj resource
(65:38 / Allies) BEAR_AND: huh
(65:46 / Allies) Mata.: who is he anyway what's his aka
(66:58 / Allies) Mata.: i aint going to sleep tonight
(66:58 / Allies) BEAR_AND: this guy
(66:59 / Allies) Mata.: i think
(67:01 / Allies) BEAR_AND: illiliiilil
(67:02 / Allies) BEAR_AND: or something
(67:03 / Allies) Mata.: i aint tired and class starts in 2 hour
(67:10 / Allies) BEAR_AND: has been whiispering me once every couple days
(67:12 / Allies) BEAR_AND: for 6 months
(67:31 / Allies) BEAR_AND: he always spams "CRY MORE" over and over
(67:33 / Allies) Mata.: yo bear can you host a shitlist bot
(67:35 / Allies) BEAR_AND: with a DND of the same thing on
(67:37 / Allies) BEAR_AND: what's that
(67:44 / Allies) Mata.: with an unblockable name like something like that
(67:45 / Allies) BEAR_AND: like a clan chan bot?
(67:48 / Allies) Mata.: yeah
(67:50 / Allies) Mata.: that just whispers out
(67:52 / Allies) Mata.: to it's friendslist
(67:54 / Allies) Mata.: every 10 seconds
(68:02 / Allies) BEAR_AND: haha
(68:06 / Allies) Mata.: with a name like IllIllIIllIIll
(68:10 / Allies) Mata.: and its always on
(68:10 / Allies) BEAR_AND: yeah, i'll use J_M's cd key
(68:15 / Allies) Mata.: hahahaha
(68:23 / Allies) BEAR_AND: they are paying
(68:24 / Allies) BEAR_AND: for reveals
(68:29 / Allies) Mata.: haha word
(68:42 / Allies) Mata.: you need some bot software
(68:55 / Allies) Mata.: just have a function to periodically /f m You Got Owned By Clan Tower :-).
(69:05 / Allies) BEAR_AND: with access list etc
(69:08 / Allies) BEAR_AND: would be sweet
(69:11 / Allies) Mata.: oh maybe they want to deny zeps
(69:14 / Allies) BEAR_AND: so we /w addtopwn "so and so"
(69:31 / Allies) Mata.: yeah
(69:37 / Allies) BEAR_AND: we hav elike 5 zeps though
(69:42 / Allies) Mata.: maybe even have a seperately defined list
(69:47 / Allies) Mata.: and i have mass tele
(69:58 / Allies) Mata.: cause friends list is acpped at 25, make it take names from a txt file
(70:06 / Allies) BEAR_AND: revolve them
(70:07 / Allies) BEAR_AND: hahah
(70:26 / Allies) Mata.: good thing with /f m is i think each one counts to one "action"
(70:33 / Allies) Mata.: so it doesnt kick you
(70:52 / Allies) Mata.: aint warden seriously best hero in game
(70:55 / All) BEAR_AND: ty
(70:57 / Allies) BEAR_AND: pretty much
(71:07 / Allies) Mata.: i think it does a lot of noob elves injustice that they have this image of demon hunter being invincible
(71:10 / Allies) Mata.: if ne discover warden
(71:18 / Allies) Mata.: then they will be genuinely imba
(71:24 / Allies) BEAR_AND: i try to keep up on moon and soju's career's
(71:30 / Allies) BEAR_AND: them and th000 are the most entertaining to watch
(71:35 / Allies) BEAR_AND: and soju use a lot of warden nowaday
(71:40 / Allies) BEAR_AND: with "our" build
(71:54 / Allies) Mata.: but i watch some superstar games too
(72:09 / Allies) Mata.: but dh is situationally good but i think warden is bigger payoff for less effort
(72:15 / Allies) BEAR_AND: there was a moon vs. soju recently (like this week) where moon kills soju's kotg w/ a sapper right in his base
(72:17 / Allies) BEAR_AND: was nuts
(72:21 / Allies) Mata.: yeah i saw tht one
(72:33 / Allies) Mata.: was inner fired on replays.net with 100% rating
(72:38 / Allies) Mata.: and moon replay so why not
(72:40 / Allies) BEAR_AND: yeah
(73:03 / Allies) Mata.: they've given up : -(
(73:07 / Allies) Mata.: they campin
(73:10 / Allies) BEAR_AND: yeah
(73:13 / Allies) Mata.: gardal dogmage
(73:21 / Allies) BEAR_AND: ?
(73:31 / All) BEAR_AND: u die at my feot
(73:32 / Allies) Mata.: there now
(73:35 / Allies) BEAR_AND: damn
(73:50 / Allies) Mata.: so do you know of any good bot software
(73:56 / Allies) Mata.: esp any open source
(73:58 / Allies) BEAR_AND: nope but i'm "approved" or whatever on d3scene
(75:35 / All) Dassand: you guys having fun
(75:41 / All) Dassand: i hope this is worth it
(75:51 / All) BEAR_AND: chilling w/ my frieds & getting school shit done
(75:52 / All) BEAR_AND: not bad
(75:56 / All) BEAR_AND: & gettin ga win:)
(76:08 / All) BEAR_AND: how about u all.
(76:17 / All) BEAR_AND: i heard u call gg a while back
(76:22 / All) BEAR_AND: why don't you follow through,
(76:32 / All) Dassand: don't act like you're not paying attention
(76:39 / All) Dassand: you respond to me instantly
(76:48 / All) BEAR_AND: the click makes me look up :D
(76:51 / All) BEAR_AND: XD
(76:57 / All) BEAR_AND: :$
(77:07 / Allies) Mata.: so a bot.
(77:11 / Allies) Mata.: i'm serious about this idea btw
(77:16 / Allies) Mata.: we need to elevate shitlists to the next level
(77:20 / Allies) BEAR_AND: esp/. with a disposable key
(77:23 / Allies) BEAR_AND: ft key at that
(77:26 / Allies) BEAR_AND: why not
(77:27 / Allies) Mata.: yeah it will likely get banned
(77:35 / Allies) BEAR_AND: and john will buy war3 again
(77:40 / Allies) BEAR_AND: or steal another cd key from best buy again
(77:45 / Allies) Mata.: this is the best plan in the universe
(78:01 / Allies) Mata.: how's peon paradise btw
(78:08 / Allies) Mata.: hasn't been in war3 for months afaik
(78:16 / Allies) BEAR_AND: we did some backstabs a few nights ago
(78:21 / Allies) BEAR_AND: actually like 2 weeks
(78:25 / Allies) BEAR_AND: but that's it, yeah
(78:36 / Allies) Mata.: is good
(78:40 / Allies) Mata.: cut down on videogames you know.
(79:32 / Allies) BEAR_AND: are they revealing you?
(80:01 / Allies) Mata.: not that ive seen
(80:08 / Allies) BEAR_AND: i just saw one on sw island
(80:11 / Allies) BEAR_AND: brb gonna get a drink
(80:18 / Allies) Mata.: i'm a lil tabbed at times
(80:52 / All) ne4: how u doin'
(81:08 / Allies) Mata.: if you find an open source bot download it, i am really curious to see how bots interact with warcraft
(81:19 / Allies) Mata.: i might get started on der dolchstosser
(81:39 / All) Mata.: hey man im aight
(82:00 / All) Mata.: how about
(82:01 / All) Mata.: you
(82:30 / Allies) BEAR_AND: did i miss anything
(83:00 / All) BEAR_AND: hey i just got a snack
(83:04 / All) BEAR_AND: how are you all holding up?
(83:42 / Allies) BEAR_AND: using a zep
(83:46 / Allies) BEAR_AND: blue is
(84:27 / Allies) Mata.: i wonder when patch is going to come
(85:08 / Allies) Mata.: if patch doesn't rotate 3v3 & 4v4 maps
(85:15 / Allies) Mata.: i'm going to be very disillusioned
(85:18 / Allies) Mata.: probably lose interest
(85:39 / Allies) BEAR_AND: definitely a disappointment
(85:45 / Allies) BEAR_AND: they should have contests for 3 and 4s maps
(86:00 / Allies) Mata.: they should have monthly contests
(86:03 / Allies) BEAR_AND: i checked out how much of harvest hills was patchable
(86:07 / Allies) BEAR_AND: *path
(86:11 / Allies) Mata.: most of it
(86:14 / Allies) BEAR_AND: reasonable amount
(86:17 / Allies) BEAR_AND: that thing in mid
(86:18 / Allies) Mata.: but is 1v1 map
(86:21 / Allies) BEAR_AND: yeah so
(86:29 / Allies) BEAR_AND: perching could be lonely
(86:35 / Allies) BEAR_AND: ty
(86:41 / Allies) BEAR_AND: but still fun
(86:49 / Allies) Mata.: i mean it is technically difficult
(87:01 / Allies) Mata.: i cant think of a way other than level 6 bloodmage, level 6 archmage
(87:11 / Allies) Mata.: or level 6 dark ranger
(87:13 / Allies) BEAR_AND: yomping mayb.
(87:30 / Allies) Mata.: i guess but that would be ludicrously hard too
(87:35 / Allies) BEAR_AND: a-b yomp w/ demos and tiny hall
(87:39 / Allies) Mata.: a CA yomp
(87:49 / Allies) Mata.: and is it townhallable?
(87:55 / Allies) BEAR_AND: i thought one part was
(88:01 / Allies) Mata.: for ne probably but not sure about work
(88:02 / Allies) Mata.: worc
(88:04 / Allies) Mata.: orc
(88:28 / Allies) Mata.: i hope i win but i don't think i will
(88:35 / Allies) BEAR_AND: i really liked it
(88:42 / Allies) Mata.: i think the mid thing is too out there
(88:44 / Allies) BEAR_AND: but i didn't see any other entries other than blinn & yupp
(88:45 / Allies) Mata.: you know
(88:53 / Allies) Mata.: well compare it to twisted meadows
(88:58 / Allies) Mata.: owned
(89:03 / All) BEAR_AND: good staff
(89:11 / All) ne4: i kno right?
(89:38 / All) BEAR_AND: hey u guys in a clan?
(89:48 / Allies) Mata.: has blizzard ever released anything on time?
(89:53 / All) ne4: jomama
(89:57 / Allies) BEAR_AND: warcraft 1..?
(90:03 / Allies) Mata.: anything, including patches
(90:13 / Allies) Mata.: not sure how i'd find out about that
(90:16 / Allies) Mata.: they didnt have a forum
(90:17 / Allies) Mata.: back then
(91:00 / All) BEAR_AND: no
(91:15 / Allies) Mata.: crazy that they actually released shit like
(91:19 / Allies) Mata.: lost vikings
(91:21 / Allies) Mata.: after warcraft 1
(91:27 / Allies) Mata.: i thoguht that once they released warcraft 1 that was their thing
(93:01 / Allies) Mata.: warcraft: the movie
(93:03 / Allies) Mata.: coming 2009
(93:07 / Allies) BEAR_AND: really
(93:11 / Allies) BEAR_AND: i heard about it in like 2005
(93:23 / Allies) Mata.: probably not but blizzard announced it and confirmed release date and some details at this years blizzcon
(93:26 / Allies) BEAR_AND: and back then all these "studios" and "producers" were buying rights to games
(94:04 / Allies) BEAR_AND: ridiculous
(94:05 / All) ne4: fagz
(94:16 / All) BEAR_AND: hoho
(94:24 / All) BEAR_AND: where all u guys from.
(94:43 / Allies) BEAR_AND: ty
(94:44 / All) BEAR_AND: ty
(95:49 / Allies) Mata.: i wonder how bots aren't detected by warden
(95:54 / Allies) Mata.: or if they're allowed
(96:04 / Allies) BEAR_AND: bots are allowed under some clause
(96:12 / Allies) BEAR_AND: 'don't use more than x bytes a day' or something
(96:16 / Allies) Mata.: i remember back when they were banned in beta though?
(96:20 / All) ne4: lame
(96:24 / Allies) Mata.: not beta
(96:25 / Allies) Mata.: i mean d2
(96:27 / All) ne4: i just wrote two term papers
(96:32 / All) BEAR_AND: hwahahahahah
(96:36 / All) BEAR_AND: and lost a game
(98:04 / All) Dassand: we're taking shifts
(98:05 / Allies) BEAR_AND: i wish we had shockwave or something
(98:12 / Allies) BEAR_AND: slow but steady
(98:20 / Allies) BEAR_AND: i guess we got bstorm
(99:03 / Allies) Mata.: i can retrain to bilzzard???
(99:06 / Allies) Mata.: get flamestke??
(99:15 / Allies) Mata.: gay
(100:12 / All) Dassand: why are you guys attacking?
(100:31 / All) BEAR_AND: hm.
(102:14 / Allies) BEAR_AND: you better take both caddy
(103:00 / All) BEAR_AND: poog
(103:36 / All) BEAR_AND: dang
(103:39 / All) BEAR_AND: you guys are awful
(107:31 / All) BEAR_AND: blam
(107:45 / Allies) Mata.: out
(108:17 / Allies) Mata.: focus their shit that can hit air
(108:19 / Allies) Mata.: like that gay shaman
(108:22 / Allies) BEAR_AND: ok
(108:54 / All) Mata.: tt
(109:43 / Allies) Mata.: wait for am
(110:14 / Allies) Mata.: ok let go
(111:22 / All) BEAR_AND: "lame" would u say right now. if you weren't too angry for words.
(112:26 / Allies) Mata.: heh blizz
(113:41 / All) BEAR_AND: visit www.highper.ch for all replays like this one!!!!!!!!!!!!
(114:27 / Allies) Mata.: look cool
(114:28 / Allies) Mata.: an S
(115:18 / All) BEAR_AND: team towa clan towa bye
(115:59 / All) Mata.: noobys :-)